General information
- name: BNet
- type: Ladder team game (AT/RT)
- host: Battle.net
- saver: wallet_thief
map: GolemsInTheMist
- players: 8
- length: 133:27
- speed: Fast
- version: 1.26 W3XP
- replay type: Public
» download(441 KB)
Players
team 1 (winner)
smokey32 (
red | 30 APM | 102 actions | 03:26)
1 Far Seer
1 Feral Spirit
» actions
| Build / train | 11 | |
| Enter build submenu | 7 | |
| Enter hero's abilities submenu | 1 | |
| Right click | 37 | |
| Select / deselect | 40 | |
| Use ability | 6 | |
102 total
» units
» buildings
| Altar of Storms | 1 | |
| Orc Burrow | 2 | |
| Barracks | 1 | |
| War Mill | 1 | |
5 total
» build order
00:08 Altar of Storms
00:13 Orc Burrow
01:05 Barracks
01:38 Orc Burrow
01:53 War Mill

»
avril-lavigne (
purple | 54 APM | 7229 actions | 133:27)
8 Death Knight
2 Death Coil
3 Unholy Aura
1 Animate Dead
2 Death Pact
8 Lich
3 Frost Nova
3 Dark Ritual
1 Death and Decay
1 Frost Armor
6 Dreadlord
3 Carrion Swarm
1 Sleep
1 Vampiric Aura
1 Inferno
» actions
| Assign group hotkey | 64 | |
| Basic commands | 266 | |
| Build / train | 1075 | |
| ESC pressed | 1 | |
| Enter build submenu | 65 | |
| Enter hero's abilities submenu | 26 | |
| Give item / drop item | 18 | |
| Right click | 2261 | |
| Select / deselect | 1603 | |
| Select group hotkey | 894 | |
| Use ability | 956 | |
7229 total
» units
| Acolyte | 8 | |
| Ghoul | 21 | |
| Crypt Fiend | 9 | |
| Goblin Sapper | 28 | |
| Banshee | 2 | |
| Obsidian Statue | 1 | |
| Goblin Zeppelin | 5 | |
74 total
» upgrades
| Creature Attack | 3 | |
| Web | 1 | |
| Creature Carapace | 3 | |
| Burrow | 1 | |
| Cannibalize | 1 | |
| Necromancer Training | 2 | |
| Banshee Training | 2 | |
| Skeletal Longevity | 1 | |
| Unholy Strength | 3 | |
| Unholy Armor | 3 | |
| Backpack | 2 | |
| Exhume Corpses | 1 | |
| Disease Cloud | 1 | |
| Destroyer Form | 1 | |
| Ghoul Frenzy | 1 | |
| Stone Form | 1 | |
| Skeletal Mastery | 1 | |
| Freezing Breath | 1 | |
| Defend | 1 | |
| Masonry | 3 | |
| Swords | 3 | |
| Plating | 3 | |
| Gunpowder | 2 | |
| Armor | 2 | |
| Long Rifles | 1 | |
| Sorceress Training | 2 | |
| Priest Training | 2 | |
| Magic Sentry | 1 | |
| Lumber Harvesting | 2 | |
| Flare | 1 | |
| Animal War Training | 1 | |
| Barrage | 1 | |
| Fragmentation Shards | 1 | |
| Flying Machine Bombs | 1 | |
| Flak Cannons | 1 | |
| Storm Hammers | 1 | |
| Cloud | 1 | |
| Control Magic | 1 | |
60 total
» buildings
| Crypt | 3 | |
| Ziggurat | 9 | |
| Altar of Darkness | 2 | |
| Necropolis | 6 | |
| Graveyard | 2 | |
| Tomb of Relics | 3 | |
| Nerubian Tower | 5 | |
| Halls of the Dead | 7 | |
| Spirit Tower | 1 | |
| Slaughterhouse | 1 | |
| Temple of the Damned | 1 | |
| Sacrificial Pit | 1 | |
| Black Citadel | 1 | |
| Boneyard | 1 | |
| Town Hall | 1 | |
| Altar of Kings | 1 | |
| Barracks | 1 | |
| Arcane Vault | 31 | |
| Lumber Mill | 1 | |
| Farm | 1 | |
| Keep | 1 | |
| Blacksmith | 1 | |
| Workshop | 2 | |
| Gryphon Aviary | 1 | |
| Arcane Sanctum | 1 | |
| Castle | 1 | |
86 total
» build order
00:08 Crypt
00:11 Ziggurat
00:34 Altar of Darkness
02:01 Ziggurat
03:01 Necropolis
07:30 Ziggurat
09:52 Graveyard
09:58 Ziggurat
10:10 Tomb of Relics
10:13 Tomb of Relics
10:22 Crypt
10:40 Nerubian Tower
10:42 Halls of the Dead
10:42 Halls of the Dead
10:50 Halls of the Dead
10:50 Halls of the Dead
10:50 Halls of the Dead
10:51 Halls of the Dead
11:24 Nerubian Tower
14:14 Ziggurat
14:41 Ziggurat
16:41 Nerubian Tower
16:43 Ziggurat
16:44 Ziggurat
18:10 Nerubian Tower
18:12 Spirit Tower
18:13 Nerubian Tower
23:54 Necropolis
23:56 Necropolis
23:58 Necropolis
25:20 Necropolis
25:31 Necropolis
26:03 Altar of Darkness
26:12 Slaughterhouse
26:20 Ziggurat
26:27 Crypt
26:44 Temple of the Damned
26:47 Tomb of Relics
26:55 Graveyard
27:08 Sacrificial Pit
27:31 Black Citadel
30:17 Boneyard
36:42 Town Hall
37:27 Altar of Kings
38:07 Barracks
38:12 Arcane Vault
38:15 Lumber Mill
38:17 Farm
40:10 Keep
40:19 Blacksmith
42:44 Workshop
42:49 Workshop
42:50 Gryphon Aviary
42:52 Arcane Sanctum
42:56 Arcane Vault
42:57 Arcane Vault
42:58 Arcane Vault
43:01 Arcane Vault
43:02 Arcane Vault
43:03 Arcane Vault
44:24 Castle
45:59 Arcane Vault
46:00 Arcane Vault
46:02 Arcane Vault
46:04 Arcane Vault
48:33 Arcane Vault
48:34 Arcane Vault
52:40 Arcane Vault
52:40 Arcane Vault
52:42 Arcane Vault
52:43 Arcane Vault
52:44 Arcane Vault
52:45 Arcane Vault
52:47 Arcane Vault
52:48 Arcane Vault
56:53 Arcane Vault
56:55 Arcane Vault
56:56 Arcane Vault
56:57 Arcane Vault
56:59 Arcane Vault
57:01 Arcane Vault
60:21 Arcane Vault
60:22 Arcane Vault
60:23 Arcane Vault
60:26 Arcane Vault
» items
| Potion of Mana | 1 | |
| Mechanical Critter | 895 | |
896 total
Fat.Umpalumpa (
blue | 31 APM | 107 actions | 03:28)
1 Death Knight
1 Death Coil
» actions
| Assign group hotkey | 12 | |
| Build / train | 10 | |
| Enter build submenu | 7 | |
| Enter hero's abilities submenu | 1 | |
| Right click | 34 | |
| Select / deselect | 32 | |
| Select group hotkey | 5 | |
| Use ability | 6 | |
107 total
» units
| Acolyte | 2 | |
| Ghoul | 2 | |
| Crypt Fiend | 3 | |
7 total
» buildings
| Graveyard | 1 | |
| Crypt | 1 | |
| Ziggurat | 2 | |
| Altar of Darkness | 1 | |
| Tomb of Relics | 1 | |
| Nerubian Tower | 1 | |
7 total
» build order
00:08 Graveyard
00:14 Crypt
00:40 Ziggurat
01:00 Altar of Darkness
01:25 Ziggurat
01:58 Tomb of Relics
02:24 Nerubian Tower

»
hollysat (
pink | 13 APM | 1186 actions | 92:47)
1 Death Knight
1 Death Coil
» actions
| Basic commands | 18 | |
| Build / train | 13 | |
| Enter build submenu | 9 | |
| Enter hero's abilities submenu | 1 | |
| Right click | 836 | |
| Select / deselect | 299 | |
| Use ability | 10 | |
1186 total
» units
| Acolyte | 3 | |
| Ghoul | 4 | |
| Crypt Fiend | 1 | |
8 total
» buildings
| Altar of Darkness | 1 | |
| Ziggurat | 3 | |
| Crypt | 1 | |
| Graveyard | 1 | |
| Tomb of Relics | 1 | |
| Spirit Tower | 3 | |
10 total
» build order
00:06 Altar of Darkness
00:13 Ziggurat
00:24 Crypt
01:15 Graveyard
01:22 Ziggurat
01:49 Ziggurat
02:13 Tomb of Relics
02:49 Spirit Tower
02:54 Spirit Tower
05:56 Spirit Tower
team 2 (loser)
ASIAN.garithos (
orange | 13 APM | 306 actions | 24:26)
1 Blademaster
1 Critical Strike
» actions
| Basic commands | 15 | |
| Build / train | 13 | |
| Enter build submenu | 3 | |
| Enter hero's abilities submenu | 1 | |
| Right click | 138 | |
| Select / deselect | 132 | |
| Use ability | 4 | |
306 total
» units
» buildings
| Altar of Storms | 1 | |
| Orc Burrow | 1 | |
| Voodoo Lounge | 1 | |
3 total
» build order
00:07 Altar of Storms
00:15 Orc Burrow
00:45 Voodoo Lounge
wallet_thief (
yellow | 48 APM | 6444 actions | 133:27)
4 Blood Mage
2 Flame Strike
2 Siphon Mana
1 Archmage
1 Blizzard
» actions
| Assign group hotkey | 51 | |
| Basic commands | 378 | |
| Build / train | 714 | |
| ESC pressed | 1 | |
| Enter build submenu | 75 | |
| Enter hero's abilities submenu | 5 | |
| Give item / drop item | 17 | |
| Right click | 1724 | |
| Select / deselect | 1794 | |
| Select group hotkey | 639 | |
| Use ability | 1046 | |
6444 total
» units
| Peasant | 38 | |
| Gryphon Rider | 8 | |
| Goblin Shredder | 4 | |
| Goblin Zeppelin | 120 | |
| Flying Machine | 28 | |
| Goblin Sapper | 4 | |
| Footman | 1 | |
| Mortar Team | 8 | |
211 total
» upgrades
| Swords | 3 | |
| Animal War Training | 1 | |
| Armor | 1 | |
| Fragmentation Shards | 1 | |
6 total
» buildings
| Altar of Kings | 3 | |
| Farm | 14 | |
| Lumber Mill | 2 | |
| Scout Tower | 22 | |
| Guard Tower | 4 | |
| Keep | 3 | |
| Blacksmith | 1 | |
| Barracks | 2 | |
| Castle | 3 | |
| Gryphon Aviary | 3 | |
| Town Hall | 11 | |
| Arcane Vault | 103 | |
| Workshop | 4 | |
175 total
» build order
00:19 Altar of Kings
00:24 Farm
00:58 Farm
03:24 Altar of Kings
04:13 Lumber Mill
04:29 Scout Tower
04:29 Scout Tower
04:30 Scout Tower
04:31 Scout Tower
04:32 Scout Tower
04:36 Scout Tower
04:36 Scout Tower
04:39 Scout Tower
04:45 Farm
04:48 Farm
04:53 Scout Tower
05:34 Guard Tower
06:07 Guard Tower
06:35 Keep
08:24 Blacksmith
08:27 Barracks
08:30 Farm
08:31 Farm
08:33 Farm
09:06 Castle
09:10 Gryphon Aviary
09:12 Gryphon Aviary
09:15 Gryphon Aviary
12:23 Farm
12:23 Farm
12:23 Farm
12:58 Town Hall
19:04 Town Hall
19:59 Scout Tower
19:59 Scout Tower
20:00 Scout Tower
20:00 Scout Tower
20:01 Scout Tower
20:01 Scout Tower
20:01 Scout Tower
20:02 Scout Tower
20:02 Scout Tower
20:02 Scout Tower
20:03 Scout Tower
20:03 Scout Tower
20:03 Scout Tower
21:11 Guard Tower
25:04 Town Hall
25:08 Lumber Mill
27:20 Altar of Kings
27:42 Town Hall
27:45 Town Hall
28:04 Barracks
30:21 Farm
30:21 Farm
30:21 Farm
30:22 Farm
34:04 Town Hall
34:48 Town Hall
35:52 Town Hall
38:11 Keep
39:42 Town Hall
40:14 Arcane Vault
40:21 Arcane Vault
40:25 Arcane Vault
40:29 Arcane Vault
40:31 Arcane Vault
40:33 Arcane Vault
40:35 Arcane Vault
40:38 Arcane Vault
40:41 Arcane Vault
40:44 Arcane Vault
40:50 Arcane Vault
40:53 Arcane Vault
40:54 Arcane Vault
40:54 Arcane Vault
40:55 Arcane Vault
42:43 Arcane Vault
42:43 Arcane Vault
42:43 Arcane Vault
42:44 Arcane Vault
42:45 Arcane Vault
42:45 Arcane Vault
42:47 Arcane Vault
42:47 Arcane Vault
42:54 Arcane Vault
42:54 Arcane Vault
42:55 Arcane Vault
42:56 Arcane Vault
42:58 Arcane Vault
42:59 Arcane Vault
42:59 Arcane Vault
42:59 Arcane Vault
43:00 Arcane Vault
43:02 Arcane Vault
43:03 Arcane Vault
43:04 Arcane Vault
43:05 Arcane Vault
43:06 Arcane Vault
43:07 Arcane Vault
43:08 Arcane Vault
45:27 Arcane Vault
45:28 Arcane Vault
45:28 Arcane Vault
45:29 Arcane Vault
45:31 Arcane Vault
45:31 Arcane Vault
45:32 Arcane Vault
45:33 Arcane Vault
45:34 Arcane Vault
45:35 Arcane Vault
46:38 Arcane Vault
46:38 Arcane Vault
46:39 Arcane Vault
46:43 Arcane Vault
46:44 Arcane Vault
46:47 Arcane Vault
46:47 Arcane Vault
46:48 Arcane Vault
46:49 Arcane Vault
46:51 Arcane Vault
46:52 Arcane Vault
46:54 Arcane Vault
46:54 Arcane Vault
47:00 Town Hall
47:48 Arcane Vault
47:49 Arcane Vault
52:20 Arcane Vault
52:20 Arcane Vault
52:21 Arcane Vault
52:22 Arcane Vault
52:22 Arcane Vault
52:22 Arcane Vault
52:24 Arcane Vault
52:24 Arcane Vault
52:25 Arcane Vault
52:26 Arcane Vault
52:27 Arcane Vault
52:27 Arcane Vault
52:28 Arcane Vault
52:29 Arcane Vault
52:29 Arcane Vault
52:30 Arcane Vault
52:31 Arcane Vault
52:31 Arcane Vault
52:32 Arcane Vault
52:32 Arcane Vault
52:32 Arcane Vault
52:33 Arcane Vault
52:37 Arcane Vault
52:38 Arcane Vault
52:39 Arcane Vault
52:40 Arcane Vault
52:41 Arcane Vault
52:42 Arcane Vault
52:44 Arcane Vault
52:45 Arcane Vault
52:46 Arcane Vault
52:49 Arcane Vault
54:12 Arcane Vault
54:13 Arcane Vault
54:13 Arcane Vault
54:15 Arcane Vault
54:16 Arcane Vault
54:19 Town Hall
84:53 Workshop
84:54 Workshop
84:55 Workshop
84:58 Workshop
108:37 Castle
108:37 Castle
» items
| Lesser Clarity Potion | 5 | |
| Scroll of Regeneration | 2 | |
| Healing Salve | 3 | |
| Scroll of Speed | 1 | |
| Mechanical Critter | 457 | |
| Orb of Fire | 12 | |
480 total
FOLLOW_i_STAB (
green | 26 APM | 2348 actions | 90:03)
3 Archmage
1 Blizzard
1 Brilliance Aura
1 Summon Water Elemental
2 Paladin
1 Holy Light
1 Divine Shield
» actions
| Assign group hotkey | 22 | |
| Basic commands | 71 | |
| Build / train | 60 | |
| ESC pressed | 3 | |
| Enter build submenu | 36 | |
| Enter hero's abilities submenu | 5 | |
| Give item / drop item | 2 | |
| Right click | 894 | |
| Select / deselect | 274 | |
| Select group hotkey | 875 | |
| Use ability | 106 | |
2348 total
» units
| Peasant | 16 | |
| Dragonhawk Rider | 2 | |
| Goblin Shredder | 3 | |
| Goblin Zeppelin | 1 | |
| Gryphon Rider | 3 | |
25 total
» upgrades
| Swords | 1 | |
| Armor | 2 | |
| Animal War Training | 1 | |
| Cloud | 1 | |
| Storm Hammers | 1 | |
6 total
» buildings
| Altar of Kings | 1 | |
| Farm | 8 | |
| Lumber Mill | 2 | |
| Scout Tower | 10 | |
| Barracks | 1 | |
| Blacksmith | 1 | |
| Guard Tower | 9 | |
| Keep | 2 | |
| Town Hall | 2 | |
| Castle | 1 | |
| Gryphon Aviary | 4 | |
| Arcane Vault | 1 | |
42 total
» build order
00:22 Altar of Kings
00:24 Farm
01:03 Farm
01:41 Farm
03:16 Lumber Mill
03:21 Scout Tower
03:33 Scout Tower
03:48 Barracks
03:50 Blacksmith
04:01 Scout Tower
04:12 Guard Tower
04:23 Guard Tower
04:38 Scout Tower
04:45 Scout Tower
04:49 Scout Tower
04:56 Farm
04:57 Guard Tower
05:07 Farm
05:10 Guard Tower
05:24 Guard Tower
05:39 Guard Tower
05:45 Scout Tower
05:54 Scout Tower
05:58 Keep
06:16 Guard Tower
06:32 Scout Tower
06:45 Town Hall
07:10 Guard Tower
07:13 Guard Tower
08:28 Castle
09:52 Gryphon Aviary
09:54 Gryphon Aviary
10:17 Arcane Vault
10:33 Gryphon Aviary
11:25 Gryphon Aviary
12:09 Lumber Mill
12:49 Farm
13:21 Town Hall
13:40 Farm
14:20 Farm
16:58 Scout Tower
» items
| Scroll of Speed | 2 | |
| Healing Salve | 2 | |
| Lesser Clarity Potion | 1 | |
| Scroll of Town Portal | 2 | |
| Scroll of Regeneration | 2 | |
9 total
LeBoi87 (
teal | 10 APM | 335 actions | 34:25)
1 Blood Mage
1 Flame Strike
» actions
| Basic commands | 20 | |
| Build / train | 22 | |
| Enter build submenu | 9 | |
| Enter hero's abilities submenu | 1 | |
| Right click | 111 | |
| Select / deselect | 148 | |
| Use ability | 24 | |
335 total
» units
» buildings
| Altar of Kings | 1 | |
| Barracks | 1 | |
| Farm | 4 | |
| Arcane Vault | 1 | |
| Town Hall | 1 | |
8 total
» build order
00:09 Altar of Kings
00:14 Barracks
00:25 Farm
01:10 Farm
01:44 Arcane Vault
01:54 Farm
03:49 Farm
09:36 Town Hall
» items
| Scroll of Regeneration | 2 | |
| Lesser Clarity Potion | 2 | |
| Mechanical Critter | 2 | |
6 total
Chat log
(00:12 / 5) wallet_thief: lets stab at same time
(00:16 / 5) wallet_thief: u get that guy username stab
(00:19 / Allies) ASIAN.garithos: bats
(00:34 / 5) wallet_thief: oh youre ud
(00:36 / 5) wallet_thief: itll be a while i guess
(00:40 / 6) avril-lavigne: :S
(00:42 / Allies) ASIAN.garithos: and raiders
(00:50 / 5) wallet_thief: and hes on my team
(00:51 / 5) wallet_thief: woops
(00:53 / 6) avril-lavigne: haev you ever seen that movie idiocracy?
(01:00 / 5) wallet_thief: no
(01:04 / 5) wallet_thief: wat is it
(01:10 / 6) avril-lavigne: its a comedy about the future
(01:17 / 5) wallet_thief: ive seen religulous
(01:22 / 6) avril-lavigne: where everyone is an idiot because stupid people reproduce more often
(01:22 / 5) wallet_thief: the bill majer movie
(01:32 / 6) avril-lavigne: and everyone talks in stupid catch phrases
(01:44 / 5) wallet_thief: that sounds about right
(01:54 / 6) avril-lavigne: it meant like commercial slogans or something
(01:56 / 5) wallet_thief: what are we doign this game
(01:59 / 6) avril-lavigne: but its becoming true with memes
(02:20 / 5) wallet_thief: ppl donts ay memes in real life tho
(02:22 / 6) avril-lavigne: in the future it will be socially unacceptable to say original phrases of speech in regular conversation
(02:23 / 5) wallet_thief: just every time they sit down by the pc
(02:32 / Allies) LeBoi87: ...
(02:40 / 5) wallet_thief: my ally stabbed already
(02:45 / Allies) LeBoi87: why green?
(02:53 / Allies) FOLLOW_i_STAB: i dont like chinks
(03:00 / All) Fat.Umpalumpa: gg
(03:00 / Allies) ASIAN.garithos: probaly going do build a barracks
(03:01 / All) Fat.Umpalumpa: tk
(03:03 / Allies) ASIAN.garithos: in 5 sex
(03:04 / Allies) FOLLOW_i_STAB: chinks are dirty
(03:10 / Allies) ASIAN.garithos: sec
(03:47 / Allies) ASIAN.garithos: hey
(03:55 / Allies) ASIAN.garithos: i was going to build a barracks
(04:08 / Allies) ASIAN.garithos: lolo
(04:13 / Allies) ASIAN.garithos: what up wit this team kill
(05:02 / All) hollysat: fuyck u man
(05:27 / Allies) ASIAN.garithos: asshoel
(05:29 / Allies) FOLLOW_i_STAB: qq
(05:33 / Allies) ASIAN.garithos: i was going to build a barracks
(05:54 / 5) wallet_thief: r u gonan build ur army up?
(05:57 / Allies) ASIAN.garithos: but you just had to come in early thinking i was going to cc
(05:59 / Allies) FOLLOW_i_STAB: QQ
(06:00 / Allies) ASIAN.garithos: im not like that
(06:03 / 5) wallet_thief: we can play control vs this guy with the stabber name
(06:03 / Allies) ASIAN.garithos: fagget
(06:18 / All) hollysat: teAMATE KILLER U SUK HARD
(06:20 / Allies) ASIAN.garithos: yellow
(06:22 / Allies) FOLLOW_i_STAB: QQ
(06:38 / 5) wallet_thief: help me defeat my allies
(07:19 / 5) wallet_thief: say something
(07:32 / Allies) ASIAN.garithos: tea;
(07:38 / Allies) ASIAN.garithos: go build
(07:42 / 6) avril-lavigne: click war
(07:51 / 5) wallet_thief: my ally is ahead of me in tech and has expo
(07:52 / Allies) ASIAN.garithos: lol
(08:48 / All) FOLLOW_i_STAB: FUCK THEY DANCING
(09:42 / All) FOLLOW_i_STAB: DEM NIGGAS DANCIN
(09:59 / 5) wallet_thief: my bottom ally has 4 peons left
(10:01 / 5) wallet_thief: at your bottom base
(10:04 / All) FOLLOW_i_STAB: WHO CLEANING UP ALL DIS BONEZ
(10:09 / All) hollysat: MY TEAM SUK HATD
(10:10 / 5) wallet_thief: u are rich
(11:15 / All) hollysat: RUSH TOP
(11:29 / All) hollysat: HE HAN NOTHING
(11:41 / 5) wallet_thief: ally goign hawks
(11:57 / 6) avril-lavigne: ashan garithos just private chatted "yah" to me
(12:11 / All) hollysat: HE GOT ONE FIEND
(13:04 / 6) avril-lavigne: garithos is private chatting with someone
(13:11 / 6) avril-lavigne: but hes talking to me for some reason
(13:17 / 6) avril-lavigne: must haev selected the wrong guy
(14:23 / 5) wallet_thief: im attacking my strong ally now
(14:43 / 5) wallet_thief: hit him now
(14:47 / 5) wallet_thief: dont get kited by that other wimp
(14:48 / All) ASIAN.garithos: sup yellow
(14:50 / 5) wallet_thief: hit he strong one
(16:25 / All) wallet_thief: raped
(16:37 / Allies) FOLLOW_i_STAB: QQ
(16:42 / All) ASIAN.garithos: yellow
(16:56 / All) ASIAN.garithos: will we win this game?
(17:13 / All) wallet_thief: raped
(17:57 / All) hollysat: HOW DO FIND NOT GAY PEOPLE
(18:05 / Allies) wallet_thief: raped
(18:07 / Allies) wallet_thief: you got raped
(18:08 / Allies) FOLLOW_i_STAB: QQ
(18:11 / Allies) FOLLOW_i_STAB: QQ
(18:35 / All) hollysat: WHAY I PLAY ALWAYS WITH FAG
(18:59 / Allies) wallet_thief: raped
(19:00 / Allies) wallet_thief: owned
(19:02 / Allies) FOLLOW_i_STAB: QQ
(19:13 / Allies) wallet_thief: a complete victory
(19:17 / Allies) FOLLOW_i_STAB: QQ
(19:34 / Allies) ASIAN.garithos: yellow can you win this for us
(19:37 / Allies) FOLLOW_i_STAB: QQ
(19:43 / Allies) wallet_thief: i already won
(19:48 / Allies) FOLLOW_i_STAB: QQ
(21:05 / Allies) ASIAN.garithos: so
(21:09 / All) FOLLOW_i_STAB: QQ
(21:09 / Allies) ASIAN.garithos: yello
(21:16 / Allies) ASIAN.garithos: can you beat purple?
(21:37 / All) hollysat: REALLY ITS A GAME FOR GAY OR WHAT
(21:38 / 5) wallet_thief: lol
(21:39 / Allies) LeBoi87: he cant
(21:40 / 5) wallet_thief: its the barcode
(21:42 / 5) wallet_thief: hes spamming me
(21:44 / 5) wallet_thief: from his barcode
(21:48 / All) wallet_thief: fight me in my dojo coward
(21:54 / All) FOLLOW_i_STAB: ILL HELP U
(22:00 / 5) wallet_thief: i just made this username
(22:04 / 5) wallet_thief: and the barcode is spamming me
(22:06 / Allies) FOLLOW_i_STAB: I HURT U DIDNT I?
(22:06 / 5) wallet_thief: he is among us
(22:30 / All) hollysat: LOL
(22:32 / All) FOLLOW_i_STAB: QQ
(22:50 / All) ASIAN.garithos: can yall quit?
(23:23 / All) wallet_thief: raped
(23:25 / All) wallet_thief: completely defeated
(23:37 / All) FOLLOW_i_STAB: HES MAD BC I DID SOMETHING TO HIM HAHA
(23:40 / All) wallet_thief: dojo desecrated
(23:55 / All) ASIAN.garithos: asshole team
(23:57 / All) FOLLOW_i_STAB: MUST BE SOME1 WHO PUSSIED OUT
(24:02 / 6) avril-lavigne: make town centers
(24:03 / All) LeBoi87: i hear that if you hold alt qq you get map hack.
(24:05 / 6) avril-lavigne: in middle of map
(24:18 / All) FOLLOW_i_STAB: KIND OF FUNNY SOMEONE GET SO MAD
(24:33 / All) LeBoi87: dumbass...
(24:43 / All) wallet_thief: come to cleveland and fight me in my dojo
(24:57 / All) FOLLOW_i_STAB: HEH U A COWARD THOUGH
(25:04 / 6) avril-lavigne: barcode only lpays human
(25:09 / All) FOLLOW_i_STAB: AND CLEVELAND IS DIRTY NIGGER CITY
(25:15 / 5) wallet_thief: its the follow i stab guy
(25:21 / 5) wallet_thief: ive been salt chatting him since he lost hte stab war
(25:24 / 5) wallet_thief: thats why the whispering started
(25:27 / All) LeBoi87: maybe it is control alt qq
(25:59 / All) FOLLOW_i_STAB: BRB LOSER
(26:13 / 5) wallet_thief: this psychopath
(26:16 / 5) wallet_thief: is still playing the game
(26:19 / 5) wallet_thief: and backstabbing
(26:22 / 5) wallet_thief: i wonder if he evers topped
(26:29 / 5) wallet_thief: 10 years of backstabbing and challenging people to fights
(26:35 / 6) avril-lavigne: its not like you didnt know he was mentally ill
(26:36 / 5) wallet_thief: then showing them youtubes of his ak 47s
(26:54 / All) wallet_thief: green show me your ak 47s and your life savings again
(26:58 / All) wallet_thief: put the videos back up on youtube
(27:29 / 5) wallet_thief: kill thse middle creeps
(27:32 / 5) wallet_thief: im all magic damage
(29:34 / 6) avril-lavigne: the taint has been wiped from the earth
(29:40 / 6) avril-lavigne: there is now only yellow and purple
(30:08 / All) hollysat: IT IS SUPPOSE TO BE COOL??
(30:47 / 5) wallet_thief: i dont need these gryphs
(31:02 / All) hollysat: WTCHING 2 GAY IN ACTION
(32:21 / All) hollysat: CANT UNDERSTAND THIS GAME
(32:36 / 6) avril-lavigne: i doubt theres much he can understand
(32:46 / 6) avril-lavigne: at some point someone started instigating the practice of private cahtting
(33:00 / 6) avril-lavigne: at which point everyone involved started to accidentally private chat the wrong person
(33:04 / All) hollysat: I WATCH IV NOTHING ELSE TO DO
(33:13 / 6) avril-lavigne: and now its like the tower of babel fell down
(34:08 / 5) wallet_thief: i think barcode must be afk
(34:12 / All) hollysat: THEY TAKE 2 HOURS TO HAV LVL 6
(34:15 / 5) wallet_thief: hes looking through his log books of people he swore to kill
(34:21 / 5) wallet_thief: trying to find the guy that said fight me in my dojo
(34:27 / 6) avril-lavigne: lol
(35:21 / 5) wallet_thief: im only tanking one troll at a time
(35:33 / 6) avril-lavigne: my ally just gave me all his supplies
(35:34 / All) hollysat: MAKE SOME OTHER BUILDING
(35:41 / 5) wallet_thief: get that ban shee outta here
(35:57 / All) wallet_thief: the age of war craft has come to an end
(36:01 / All) wallet_thief: peace craft is upon us
(36:24 / All) hollysat: STFU U SUK HARD THAT WHY UR FRIEND HELP U
(36:55 / All) hollysat: ANSWER
(37:31 / 6) avril-lavigne: "answer"
(37:37 / 6) avril-lavigne: starving for attention
(37:45 / 5) wallet_thief: "please respond"
(39:49 / 5) wallet_thief: lets mass critters
(40:15 / All) hollysat: GUYS REALLY U SUK
(40:42 / All) hollysat: DONT KNOW HAW U DO SUCKING HARD FOR GAY
(40:54 / 6) avril-lavigne: oh ok
(40:57 / 6) avril-lavigne: taht makes everything aclear
(42:07 / 5) wallet_thief: send all crittesr top right
(42:27 / All) hollysat: OVER WHY
(42:56 / All) hollysat: LOL AUTODESTRUCTION THAT WHAT I WAITING
(46:28 / All) hollysat: AVRIL LAVIGNE ITS A NAME FOR GAY PEOPLE WHO'S SUCKING FRIEND DICK...???
(47:00 / All) hollysat: ASNWER LITTLE PRICKS
(47:33 / All) hollysat: OR AWESOME JERK
(47:41 / All) FOLLOW_i_STAB: HAHA
(47:48 / All) FOLLOW_i_STAB: THATS A LOT OF WORK
(47:50 / 6) avril-lavigne: this guy thinks that there is a racial or cultural classification he can put me in and insult
(47:53 / All) FOLLOW_i_STAB: I LOVE THIS SHIT
(47:55 / All) hollysat: LOL
(47:57 / 6) avril-lavigne: there is nothing about me that he can insult
(47:58 / All) FOLLOW_i_STAB: BRB
(48:01 / 6) avril-lavigne: i am a white male american
(48:32 / All) FOLLOW_i_STAB: IMA PLAY ANOTHER GAME ON MY OTHER COMPUTER
(48:40 / All) hollysat: LOL
(48:45 / All) wallet_thief: you suck at that other game too
(48:48 / All) wallet_thief: hope its not pvp
(49:09 / All) FOLLOW_i_STAB: DAMN U STILL MAD?
(49:11 / All) hollysat: IDK WHOS SUCKING DICK TO WIN.....
(49:29 / All) hollysat: GUESS U
(49:56 / All) wallet_thief: green how disappointed were you when obama got elected
(50:32 / All) hollysat: WHO IS OBAMA
(51:16 / 5) wallet_thief: this guy uses the wrod nigger more than i remember
(51:34 / All) FOLLOW_i_STAB: THIS NIGGER'S WORKING HARD OVER HERE
(51:40 / All) FOLLOW_i_STAB: WHOOPS FOUND A GAME BRB
(51:41 / All) hollysat: HAAAAAAA
(51:56 / All) wallet_thief: a welfare case like you wouldnt know anything about hard work
(52:50 / All) hollysat: IV FOUND 15 PIG
(52:54 / 5) wallet_thief: it also used to be easier to get a rise out of him
(53:03 / 5) wallet_thief: now he just responds to everything with "u hurt" and "nigger"
(53:10 / 5) wallet_thief: he used to express political opinions
(53:48 / All) hollysat: NICE MISHOUI GUYS
(54:58 / All) hollysat: THIS ONE
(55:18 / All) hollysat: NICE U GOT IT
(57:50 / All) hollysat: YEP I FOUND SOME SHEEP
(58:49 / 5) wallet_thief: u cant put critter in zepp
(58:50 / 5) wallet_thief: wtf
(61:06 / 5) wallet_thief: i have 30k in mines and 24k cash
(61:11 / 5) wallet_thief: 50k is enough for 1000 critters
(61:16 / 5) wallet_thief: im not sure i want to see this through
(66:21 / All) hollysat: U DOING THAT FOR A LONG TIME AGAIN...
(69:21 / 6) avril-lavigne: UNITS HJAVING caps trouble responding now
(69:30 / 6) avril-lavigne: like when you have too many gyros
(69:35 / 5) wallet_thief: same
(70:50 / All) hollysat: KEEP WORKING GUYS U DOING A GREAT WORKS
(71:35 / All) hollysat: CAN I SEE
(73:05 / All) hollysat: TO LONG
(75:28 / 6) avril-lavigne: r u still here?
(78:19 / 5) wallet_thief: sdf
(78:21 / 5) wallet_thief: had to move cars
(78:31 / 6) avril-lavigne: a
(78:35 / 6) avril-lavigne: u have like 50k
(78:40 / 6) avril-lavigne: u should have let me haev oneo f those mines
(79:03 / 6) avril-lavigne: hes way off
(79:05 / 5) wallet_thief: why are you killing my zepps
(79:16 / 6) avril-lavigne: it was doing it before
(79:19 / 6) avril-lavigne: right now its jsut sitting there
(79:21 / 5) wallet_thief: o
(79:25 / 6) avril-lavigne: i had momentary loss of control
(79:27 / 6) avril-lavigne: due to lag
(79:29 / All) hollysat: IF U MOVE LIKE THAT IN GAME I GUESS UR NOT MOVING A LOT IN LIFE
(79:45 / 6) avril-lavigne: ur gay peons are fucking up my critter production
(80:18 / 5) wallet_thief: can you imagine doing this on friends
(80:22 / 6) avril-lavigne: this guy must be like 14 or something
(80:26 / 6) avril-lavigne: oh god
(80:59 / All) hollysat: I GOT 2 COMP TO SO ENJOY
(81:19 / All) hollysat: ILL B BAK IN 1 HOURS PEACE
(81:26 / All) wallet_thief: were not doing this for your benefit
(81:29 / All) wallet_thief: you can stay or leave
(81:31 / All) wallet_thief: dont care
(87:14 / 6) avril-lavigne: how many shitty peons do you have
(87:20 / 5) wallet_thief: that should be the last of them
(88:04 / 5) wallet_thief: 36 k :s
(88:12 / 6) avril-lavigne: im at 400
(88:34 / 6) avril-lavigne: broke
(89:06 / 6) avril-lavigne: D
(89:28 / 6) avril-lavigne: if we told all of these critters to follow mode one critter would they listen?
(89:41 / 5) wallet_thief: i think they would look ati it
(90:00 / 5) wallet_thief: remember if a unit gets blocked for too long
(90:03 / 5) wallet_thief: it will dc us if we dont drop him
(91:09 / 6) avril-lavigne: critters are not that laggy
(91:17 / 6) avril-lavigne: i feel like if we made this many of anything else
(91:19 / 6) avril-lavigne: teh game would freeze
(91:23 / All) wallet_thief: land units are never laggy
(91:32 / All) wallet_thief: it gives you a certain amount of memory for them
(91:36 / All) wallet_thief: then they just take turns moving
(91:37 / All) wallet_thief: but air units
(91:41 / All) wallet_thief: it spends infinite memory
(91:45 / All) wallet_thief: calculating bumps
(91:48 / All) wallet_thief: when they bump each other
(92:42 / 6) avril-lavigne: i think i own a lot more of these critters than you do
(92:53 / 5) wallet_thief: thats how i felt
(92:54 / 5) wallet_thief: early on
(93:01 / 5) wallet_thief: now ur probably right
(93:16 / 6) avril-lavigne: i only had 2 peons to make my shops with
(93:26 / 6) avril-lavigne: i could have made more but whatever
(93:37 / 6) avril-lavigne: i was going to bomb the trees
(93:39 / 6) avril-lavigne: around the top expo
(93:43 / 6) avril-lavigne: so it wouldnt be so crammed up
(93:53 / 6) avril-lavigne: and the heros wouldnt bumble on the migrating critters
(93:58 / 6) avril-lavigne: but i went broke before i ever bothered with it
(94:17 / 5) wallet_thief: this guy is seguing into his old self again
(94:24 / 5) wallet_thief: he admits to still ownin the ak 47s
(94:30 / 5) wallet_thief: he says he made a lot of money under niggerbama
(94:52 / 6) avril-lavigne: my ghouls had backpack
(94:55 / 6) avril-lavigne: i found 4 more critters
(95:22 / 6) avril-lavigne: look at the critters and hold alt
(95:34 / 5) wallet_thief: 8 fps
(95:41 / All) wallet_thief: 15 without alt
(96:39 / 6) avril-lavigne: look
(96:43 / 6) avril-lavigne: the critters are all facingo ne
(96:45 / 6) avril-lavigne: sort of
(97:56 / 6) avril-lavigne: a saturn V rocket burns 20 tons of fuel per second
(98:09 / 6) avril-lavigne: 1% of the saturn 5 rocket by volume is it's payload
(98:22 / 6) avril-lavigne: if you wanted to make a manned mission to mars
(98:38 / 6) avril-lavigne: you would have to make a rocket big enough to lift a rocket big enough to escape the atmosphere of mars
(98:51 / 6) avril-lavigne: nasa is working on ion propulsion engines
(98:58 / 6) avril-lavigne: but they arent better than conventional engines
(99:02 / 6) avril-lavigne: they do make a cool purple glow
(99:04 / 6) avril-lavigne: but thats it
(99:25 / 6) avril-lavigne: one day the space program wont exist
(99:30 / 6) avril-lavigne: and everyone will eat the welfare bread
(99:32 / 6) avril-lavigne: like in rome
(99:54 / 6) avril-lavigne: in rome they started handing out welfare bread to everyone
(99:59 / 6) avril-lavigne: and people just sat around living on it
(100:04 / 6) avril-lavigne: then the barbarians killed everyone
(100:35 / All) wallet_thief: i wonder how much money tha tbar code guy has
(100:41 / All) wallet_thief: he said he made a lot under niggerbama
(100:46 / All) wallet_thief: he already had 10k in cash before
(100:58 / 6) avril-lavigne: his idea of a lot of money might be 10k though
(101:23 / All) wallet_thief: i think he or his family have a business
(101:42 / 6) avril-lavigne: hes a maniac
(101:47 / 6) avril-lavigne: 2k games nothing but human
(101:53 / All) wallet_thief: waty more than 2k
(101:55 / 6) avril-lavigne: play warcraft 3 for 15 years and go berserk every day
(101:57 / All) wallet_thief: he had tons of akas
(102:06 / All) wallet_thief: hes a xxy
(102:10 / All) wallet_thief: or xyy i mean
(102:14 / 6) avril-lavigne: lol
(102:20 / All) wallet_thief: one of those people with two y chromosomes
(102:24 / All) wallet_thief: they are all hyper aggressive
(102:26 / All) wallet_thief: and unmoderated
(102:41 / 6) avril-lavigne: im gonna sap some critters
(102:44 / All) wallet_thief: go for it
(102:53 / All) wallet_thief: carrion swarm
(102:59 / All) wallet_thief: or would it even hurt htem
(103:04 / All) wallet_thief: wait
(103:05 / All) wallet_thief: i want to hold alt
(103:07 / All) wallet_thief: with all the ships
(103:09 / 6) avril-lavigne: i dont think it hurts
(103:10 / All) wallet_thief: on top of the critters
(103:28 / 6) avril-lavigne: no it doesnt hurt critters
(103:43 / All) wallet_thief: if you target one
(103:46 / All) wallet_thief: it might hurt that one
(104:01 / 6) avril-lavigne: nope
(104:03 / 6) avril-lavigne: goes right over
(104:10 / 6) avril-lavigne: carrion swarm is a roc power
(104:13 / 6) avril-lavigne: it means noting in tft
(104:30 / 6) avril-lavigne: everyone and their granny has something better
(104:34 / 6) avril-lavigne: lag
(104:42 / All) wallet_thief: 4 fps
(104:48 / All) wallet_thief: with alt
(104:49 / 6) avril-lavigne: that's like 0.5 fps
(104:56 / 6) avril-lavigne: i dont think it can tell y9ou how low the fps really is
(105:31 / All) wallet_thief: look how they separated
(105:34 / All) wallet_thief: into gyors and zepps
(105:38 / All) wallet_thief: lol the pulsing
(105:46 / 6) avril-lavigne: i could buy a quad core processor and stick it on my motherboard
(106:05 / 6) avril-lavigne: that would be 120$
(106:08 / 6) avril-lavigne: or something
(106:20 / All) wallet_thief: do you really need one
(106:23 / 6) avril-lavigne: im pretty sure this is a processor problem
(106:28 / 6) avril-lavigne: with the units making me lag
(106:35 / 6) avril-lavigne: no i dont need one
(106:38 / All) wallet_thief: how often do you have 1000 units ont ehmap
(106:56 / 6) avril-lavigne: when i built this computer i got a motherboard with a slot that could fit dual or quad core processor
(107:03 / 6) avril-lavigne: but i may never upgrade
(107:16 / 6) avril-lavigne: i dont understand too clearly motherboard bus speeds
(107:21 / 6) avril-lavigne: but your motherboard has a speed too
(107:46 / 6) avril-lavigne: my hard drive is dying
(107:48 / 6) avril-lavigne: though
(107:54 / All) wallet_thief: how do u know
(108:04 / 6) avril-lavigne: it will take it like 5 seconds to spin up and then make a clicking noise
(108:15 / All) wallet_thief: wat is all ur food in?
(108:23 / 6) avril-lavigne: i have 10 peons mid
(108:26 / 6) avril-lavigne: some wood ghouls
(108:28 / 6) avril-lavigne: 15 food of heros
(109:31 / 6) avril-lavigne: what a laggy mess
(109:35 / 6) avril-lavigne: i have one of the battlefield games
(109:37 / 6) avril-lavigne: i own it
(109:40 / 6) avril-lavigne: battlefield 2 bad company
(109:45 / 6) avril-lavigne: the graphics look like shit
(109:49 / 6) avril-lavigne: they are worse than this game
(109:55 / 6) avril-lavigne: and my computer cant run it
(110:05 / 6) avril-lavigne: because battlefield is the most inefficient graphics ever
(110:30 / All) wallet_thief: i bet i have less than 300 zepps
(110:37 / All) wallet_thief: if your whole team was hu and they all got 100 gyros
(110:41 / All) wallet_thief: it would be faster and laggier than this
(110:55 / 6) avril-lavigne: if i had a team
(110:58 / 6) avril-lavigne: i would be busy killing it
(111:30 / 6) avril-lavigne: why did you cover the map in shops
(111:34 / All) wallet_thief: idk
(111:38 / All) wallet_thief: im gonna drop some fire orbs mid
(111:41 / All) wallet_thief: take them and kill my air
(111:52 / All) wallet_thief: dont kill my hero
(111:52 / 6) avril-lavigne: how did you get down to 12k
(111:56 / 6) avril-lavigne: from 50
(111:57 / All) wallet_thief: before he drops them
(112:12 / All) wallet_thief: tell your mid units
(112:13 / All) wallet_thief: not to fight
(112:15 / 6) avril-lavigne: i told all that crap to hold
(112:19 / All) wallet_thief: zepps are expensive
(112:22 / All) wallet_thief: it costs 1k
(112:24 / All) wallet_thief: to buy 4
(113:02 / 6) avril-lavigne: i just drank the last of my vodka
(113:09 / 6) avril-lavigne: 1.75 liters
(113:10 / 6) avril-lavigne: all gone
(113:11 / All) wallet_thief: take those orbs
(113:28 / All) wallet_thief: go bottom right
(113:38 / All) wallet_thief: so u can whap them hwen they are grouped
(114:05 / 6) avril-lavigne: hup
(114:06 / 6) avril-lavigne: bup
(114:08 / 6) avril-lavigne: gotta move
(114:10 / 6) avril-lavigne: halt
(114:12 / 6) avril-lavigne: stall
(114:12 / All) wallet_thief: let them group uyp first
(114:33 / 6) avril-lavigne: ?
(114:34 / 6) avril-lavigne: there
(114:34 / 6) avril-lavigne: ?
(114:38 / All) wallet_thief: dont kill the lead zepp
(114:45 / All) wallet_thief: its almost dead
(114:54 / 6) avril-lavigne: earlier my ally was spamming pings
(114:59 / 6) avril-lavigne: and i hit hide minimapsignals
(115:09 / All) wallet_thief: get those heros away until im packed into the corner
(115:36 / 6) avril-lavigne: what if you could share control with the enemy
(115:50 / All) wallet_thief: remember when you could
(115:50 / 6) avril-lavigne: originally in starcraft 1 you could unally with your team
(115:51 / All) wallet_thief: lol
(115:54 / 6) avril-lavigne: whenever you wanted
(116:11 / 6) avril-lavigne: you could go rogue
(116:17 / All) wallet_thief: that licch is gonna torch my lead zepp
(116:44 / All) wallet_thief: ok feel free now
(117:27 / 6) avril-lavigne: the burning
(117:28 / All) wallet_thief: use the karthas ult
(117:38 / 6) avril-lavigne: i dont have death an ddecay
(118:06 / 6) avril-lavigne: now i do
(118:08 / 6) avril-lavigne: here i go
(118:11 / 6) avril-lavigne: fuck
(118:15 / 6) avril-lavigne: lag
(119:11 / 6) avril-lavigne: cannot target inorganic units with carrion swarm
(119:16 / 6) avril-lavigne: carrion sawrm is underpowered
(119:22 / 6) avril-lavigne: limited damage
(119:30 / 6) avril-lavigne: the only thing it has going for it is range
(119:53 / 6) avril-lavigne: now to infernal and dnd the critters
(120:02 / 6) avril-lavigne: ur gonna sap ur sapper
(120:38 / 6) avril-lavigne: bring me something dead to raise
(120:42 / 6) avril-lavigne: i want to use my death knight ult
(120:44 / 6) avril-lavigne: as useless as itis
(121:00 / 6) avril-lavigne: LOL
(121:03 / 6) avril-lavigne: the infernal
(121:07 / 6) avril-lavigne: appeared outside the critters
(121:09 / All) wallet_thief: lol
(121:11 / 6) avril-lavigne: even though i cast it dead center
(121:22 / All) wallet_thief: death and decay
(121:23 / 6) avril-lavigne: puff puff puff
(121:24 / All) wallet_thief: is too puny
(121:24 / All) wallet_thief: lmao
(121:26 / 6) avril-lavigne: critters still die slow
(121:30 / 6) avril-lavigne: percentage
(122:00 / 6) avril-lavigne: they didnt evne die
(122:07 / 6) avril-lavigne: i think they healed on the crypt
(122:09 / 6) avril-lavigne: creep
(122:12 / 6) avril-lavigne: blighted ground
(122:17 / 6) avril-lavigne: what is the actual name for it?
(122:22 / All) wallet_thief: blight
(122:33 / 6) avril-lavigne: undead critters heal on the blight
(122:45 / 6) avril-lavigne: or maybe critters just have high regen
(122:47 / 6) avril-lavigne: and low health
(123:01 / 6) avril-lavigne: or maybe regular regen just sclaes up
(123:02 / 6) avril-lavigne: big time
(123:06 / 6) avril-lavigne: because they only have 15 health
(123:13 / 6) avril-lavigne: and percentage damage does next to nothing
(123:49 / 6) avril-lavigne: im going to save this replay then never watch it
(124:03 / All) wallet_thief: im going to put it on highperch
(124:05 / All) wallet_thief: wehre noone willw atch it
(124:08 / 6) avril-lavigne: the fire orb looks like a kindlegem from lol
(124:25 / 6) avril-lavigne: im sure the icon is a straight rip
(124:58 / All) wallet_thief: stop killin gmy mortars
(125:07 / 6) avril-lavigne: they are killing themselves
(125:15 / 6) avril-lavigne: if i summon a resurrected mortar
(125:20 / 6) avril-lavigne: will it lose out on all its time
(125:24 / 6) avril-lavigne: by lag walking?
(125:35 / 6) avril-lavigne: or does the whole game timer slow down
(125:44 / All) wallet_thief: its just the units
(125:48 / All) wallet_thief: their movement has tot ake turns
(125:52 / 6) avril-lavigne: wow
(125:56 / 6) avril-lavigne: they will run out before they run top right
(126:00 / 6) avril-lavigne: without any lag walking at all
(126:04 / 6) avril-lavigne: the dk ult is SHIT
(126:16 / All) wallet_thief: his ult used to be really good
(126:21 / All) wallet_thief: when it raise dthe units with hit points
(126:24 / All) wallet_thief: they would tank for their team
(126:25 / 6) avril-lavigne: thats because they took damage
(126:32 / All) wallet_thief: attack movers beware
(127:27 / 6) avril-lavigne: what a custom game this has been
(127:35 / All) wallet_thief: lol
(127:36 / 6) avril-lavigne: the actual game wasnt even a prelude to thecustom game
(129:07 / 6) avril-lavigne: the lag is allg one
(129:11 / 6) avril-lavigne: all the crittesr died
(129:33 / All) wallet_thief: playing this game after lol
(129:38 / All) wallet_thief: feels like playing warcraft 1 after this game
(129:43 / All) wallet_thief: 5 second gryphon attack delay
(129:44 / 6) avril-lavigne: lol
(129:47 / All) wallet_thief: paralyzed for 5 seconds after attack
(130:12 / 6) avril-lavigne: is that yours?
(130:23 / 6) avril-lavigne: all the critters were escaping
(130:24 / All) wallet_thief: the diaspora
(130:31 / 6) avril-lavigne: given a possibility of random wandering
(130:32 / All) wallet_thief: random walk particle simulator
(130:32 / 6) avril-lavigne: by pure chacne
(130:37 / 6) avril-lavigne: some critters took the longest path
(130:39 / All) wallet_thief: n=600
(130:41 / 6) avril-lavigne: and wandered really far
(131:32 / All) wallet_thief: death and decay ur heros
(131:35 / All) wallet_thief: then lets call it a night
(132:00 / 6) avril-lavigne: i dont know if that stone strip counts as blight
(132:08 / 6) avril-lavigne: but i doubt they will die anyway
(132:27 / All) wallet_thief: wow
(132:28 / 6) avril-lavigne: death and decay hits dryads right?
(132:31 / All) wallet_thief: ya
(132:35 / All) wallet_thief: hits everything
(132:42 / All) wallet_thief: just think if it werent channeling
(132:51 / All) wallet_thief: you could go solo lich
(132:53 / 6) avril-lavigne: i dont think private chat shows up in replays
(132:53 / All) wallet_thief: and enjoy yourself
(132:58 / All) wallet_thief: it does
(132:58 / 6) avril-lavigne: for the benefit of posterity
(133:05 / 6) avril-lavigne: i should probably also switch to all chat
(133:09 / All) wallet_thief: on high perch's parser its always like 5]
(133:17 / All) wallet_thief: instead of [privae]